 Dungeon Crawl Stone Soup version 0.32-a0-818-gb728d0252e (webtiles) character file.

Game seed: 2035693813357360459

16808 runemasterragnar the Fighter (level 12, 0/89 HPs)
             Began as a Coglin Hunter on Mar 25, 2024.
             Was an Elder of Hepliaklqana.
             Slain by a komodo dragon (29 damage)
             ... on level 2 of the Lair of Beasts.
             The game lasted 00:18:56 (9943 turns).

runemasterragnar the Fighter (Coglin Hunter)        Turns: 9943, Time: 00:18:58

Health: 0/89       AC:  7    Str: 12    XL:     12   Next: 41%
Magic:  15/15      EV: 15    Int:  9    God:    Hepliaklqana [****..]
Gold:   533        SH:  0    Dex: 22    Spells: 11/11 levels left

rFire   . . .        a - +2 sling {Xiloxoch}
rCold   . . .        d - +0 sling {Cihuaton}
rNeg    . . .        o - +0 troll leather armour {Pargi}
rPois   .            h - +2 helmet
rElec   .            (no cloak)
rCorr   .            l - +0 pair of gloves
SInv    .            (no boots)
Will    .....        (amulet unavailable)
Stlth   ++++         (ring unavailable)
HPRegen 1.14/turn    (ring unavailable)
MPRegen 0.14/turn    (no gizmo)

%: no passive effects
@: revved
A: reduced essence, off-hand wielding, slow wielding, warmup strikes, no
jewellery
a: Invent Gizmo, Renounce Religion, Recall Ancestor, Ancestor Identity,
Transference, Idealise


You were on level 2 of the Lair of Beasts.
You worshipped Hepliaklqana.
Hepliaklqana was greatly pleased with you.
You visited 3 branches of the dungeon, and saw 14 of its levels.
You also visited: Bailey.

You collected 684 gold pieces.
You spent 151 gold pieces at shops.

Inventory:

Hand Weapons
 a - a +2 sling (weapon) {Xiloxoch}
 d - a +0 sling (offhand) {Cihuaton}
Missiles
 b - a throwing net
Armour
 c - a +0 leather armour
 h - a +2 helmet (worn)
 l - a +0 pair of gloves (worn)
 o - a +0 troll leather armour (worn) {Pargi}
 C - +0 steam dragon scales
 D - a +2 robe of willpower
 S - a +2 robe of cold resistance
Talismans
 R - a talisman of death
Wands
 x - a wand of paralysis (15)
 y - a wand of digging (10)
 B - a wand of mindburst (9)
 K - a wand of acid (8)
 O - a wand of flame (8)
Scrolls
 e - 3 scrolls of teleportation
 i - a scroll of fog
 j - 3 scrolls of immolation
 n - 2 scrolls of blinking {unknown}
 t - 2 scrolls of poison
 u - a scroll of vulnerability
 v - 3 scrolls of noise {unknown}
 w - a scroll of enchant weapon
 J - a scroll of torment {unknown}
 L - a scroll of revelation
 N - 2 scrolls of amnesia {unknown}
 P - 2 scrolls of fear {unknown}
 Q - 2 scrolls of enchant armour {unknown}
 T - 2 scrolls of brand weapon {unknown}
Potions
 f - 4 potions of attraction
 g - 4 potions of ambrosia
 k - 3 potions of haste
 m - 2 potions of cancellation
 p - 4 potions of magic
 q - a potion of might {unknown}
 r - 5 potions of enlightenment {unknown}
 s - a potion of berserk rage
 z - 3 potions of curing {unknown}
 A - 4 potions of lignification {unknown}
 E - 2 potions of heal wounds
 F - a potion of invisibility {unknown}
 G - 3 potions of mutation {unknown}
 H - 3 potions of resistance
 I - a potion of experience {unknown}
 M - 2 potions of brilliance {unknown}


   Skills:
 * Level 10.6 Fighting
 * Level 10.2 Ranged Weapons
 + Level 7.1 Dodging
 + Level 6.8 Stealth
 + Level 4.9 Invocations
 + Level 8.6 Evocations


You had 11 spell levels left.
You didn't know any spells.
Your spell library contained the following spells:

 Spells                   Type           Power      Damage    Failure   Level
 Sandblast                Erth           0%         2d4       45%         1
 Passwall                 Erth           0%         N/A       83%         3
 Stone Arrow              Conj/Erth      0%         3d7       83%         3
 Volatile Blastmotes      Fire/Tloc      0%         2d10      83%         3
 Brom's Barrelling Bould  Conj/Erth      0%         2d3       99%         4
 Bombard                  Conj/Erth      0%         9d1       100%        6


Dungeon Overview and Level Annotations

Branches:
Dungeon (11/15)            Temple (1/1) D:5            Lair (2/5) D:11
 Bailey (visited)
  Swamp: Lair:2-3    Shoals: Lair:2-3     Snake: Lair:2-3    Spider: Lair:2-3
    Orc: D:9-12

Altars:
Ashenzari
Cheibriados
Dithmenos
Elyvilon
Fedhas
Gozag
Hepliaklqana
Kikubaaqudgha
Makhleb
Nemelex Xobeh
Okawaru
Qazlal
Ru
Sif Muna
Trog
Uskayaw
Vehumet
Wu Jian
Xom
Yredelemnul
Zin
The Shining One

Shops:
D:1 *   D:3 **   D:10 (

Annotations:
D:7 2 transporters, Shen's ghost, novice TrSh
D:9 1 runed translucent door, gimp's ghost, novice BaEE
Lair:1 2 transporters


Innate Abilities, Weirdness & Mutations

Your life essence is reduced to manifest your ancestor. (-10% HP)
You can wield a second weapon in your off-hand.
It takes a long time for you to wield or remove held weapons.
Your first few attacks do less damage.
You cannot equip rings or amulets.


Message History

You shoot a sling bullet.
The sling bullet closely misses the cane toad.
You feel sick.
Something hits Futruvan.
The cane toad completely misses you.
Unknown command.
You shoot a sling bullet.
The sling bullet hits the cane toad but does no damage.
The cane toad is almost dead.
You shoot a sling bullet.
The sling bullet barely misses the cane toad.
You feel sick.
Futruvan blocks something's attack.
The cane toad stings you!
Futruvan hits the cane toad with a +0 flail!
The cane toad dies!
You shoot a sling bullet. The sling bullet hits the bullfrog.
The bullfrog is severely wounded.
You shoot a sling bullet. The sling bullet hits the bullfrog.
The bullfrog is severely wounded.
You feel sick. The bullfrog barely misses you.
Futruvan barely misses the bullfrog.
Unknown command.
You shoot a sling bullet. The sling bullet hits the bullfrog.
The bullfrog is almost dead.
You shoot a sling bullet. The sling bullet hits the bullfrog.
You kill the bullfrog!
You feel sick.
You shoot a sling bullet.
The sling bullet hits the komodo dragon but does no damage.
You shoot a sling bullet.
The sling bullet hits the komodo dragon.
The komodo dragon is lightly wounded.
You feel sick.
You are no longer poisoned.
The komodo dragon completely misses you.
Futruvan closely misses the komodo dragon.
You shoot a sling bullet.
The sling bullet barely misses the komodo dragon.
You shoot a sling bullet.
The sling bullet closely misses the komodo dragon.
The komodo dragon bites you!!
You die...
Hepliaklqana delivers you to your ancestors.

.#....##.# .........#
..## .........### ...###
. .<........#.. .....###
.. #.#R.P.#..... #
....#.#...
.########....#. #.......
.##P.### #....####....l#
..#....## #....P##.R..#
.....#..####....@#...#
........P##P....#lR..#
.........###...###...#
......<..##.....##.....#
.........###....##...###
...............##..###
....(.........## ##.
..........##...# #
........####...#


You could see the friendly Futruvan the knight and a komodo dragon (ally
target).

Vanquished Creatures
  3 two-headed ogres
  An orc knight (Bailey)
  An ugly thing (D:11)
  A black mamba (Lair:1)
  Jeremiah (Lair:1)
  2 cane toads (Lair:1)
  Maggie (D:10)
  A gargoyle (D:11)
  2 kobold demonologists (D:9)
  2 yaktaurs (D:11)
  A komodo dragon (Lair:1)
  4 trolls (D:10)
  3 blink frogs (Lair:1)
  2 wyverns
  14 yaks
  2 wraiths
  4 vampire mosquitoes (D:11)
  2 basilisks (D:11)
  2 steam dragons
  Edmund (D:6)
  A water moccasin (D:6)
  A sky beast (D:6)
  2 orc warriors
  Pargi (D:3)
  3 black bears
  4 ogres
  A centaur (D:7)
  A phantom (D:5)
  3 kobold brigands
  2 bullfrogs
  3 scorpions
  4 wights (D:9)
  5 killer bees
  An electric eel (D:11)
  A bombardier beetle (D:6)
  4 gnoll boudas
  2 orc priests
  2 hounds
  3 jellies (D:6)
  Jessica (D:2)
  5 iguanas
  2 sleepcaps
  3 orc wizards
  Ijyb (D:4)
  A hound skeleton (D:3)
  29 gnolls
  7 adders
  A shadow imp (D:8)
  5 white imps
  2 ufetubi (D:6)
  An adder zombie (D:3)
  2 adder skeletons (D:3)
  4 dart slugs
  2 ribbon worms (D:4)
  24 orcs
  8 endoplasms
  A giant cockroach (D:1)
  9 goblins
  3 hobgoblins
  4 jackals
  3 quokkas
  5 ball pythons
  7 bats
  2 frilled lizards (D:1)
  A jackal skeleton (D:3)
  A jackal zombie (D:3)
  15 kobolds
  6 rats
249 creatures vanquished.

Vanquished Creatures (collateral kills)
  An elephant (D:11)
  A gargoyle (D:10)
  A cane toad (Lair:2)
  A hornet (D:9)
  A wraith (D:10)
  5 yaks
  2 wyverns
  A sky beast (D:8)
  A wight (D:9)
  4 killer bees
  An electric eel (Lair:1)
  A hound (D:7)
  An orc priest (D:10)
  An orc wizard (D:9)
  2 gnolls
  5 orcs
  3 kobolds
32 creatures vanquished.

Vanquished Creatures (others)
  4 knights
  4 ancestors
8 creatures vanquished.

Grand Total: 289 creatures vanquished

Notes
Turn   | Place    | Note
-------+----------+-------------------------------------------
     0 | D:1      | runemasterragnar the Coglin Hunter began the quest for the
                  | Orb.
     0 | D:1      | Reached XP level 1. HP: 16/16 MP: 1/1
    43 | D:1      | Reached skill level 1 in Stealth
    66 | D:1      | Reached XP level 2. HP: 22/22 MP: 2/2
   101 | D:1      | Found Ophox's Assorted Antiques.
   275 | D:1      | Reached XP level 3. HP: 28/28 MP: 3/3
  1195 | D:2      | Noticed Jessica
  1201 | D:2      | Killed Jessica
  1202 | D:2      | Reached XP level 4. HP: 35/35 MP: 4/4
  1697 | D:3      | Noticed Pargi
  1811 | D:3      | Found Laur's General Store.
  1907 | D:3      | Reached XP level 5. HP: 41/41 MP: 5/5
  1939 | D:3      | Killed Pargi
  1940 | D:3      | Reached XP level 6. HP: 48/48 MP: 6/6
  2133 | D:3      | Found Ynkykhyzo's Assorted Antiques.
  2143 | D:3      | Bought a scroll of identify for 44 gold pieces
  2143 | D:3      | Bought a scroll of identify for 44 gold pieces
  2143 | D:3      | Bought a scroll of identify for 44 gold pieces
  2143 | D:3      | Bought a fuming blue potion for 19 gold pieces
  2228 | D:3      | Found a bloodstained altar of Trog.
  2230 | D:3      | Found an ornate altar of the Wu Jian Council.
  2554 | D:4      | Found a radiant altar of Vehumet.
  2557 | D:4      | Reached skill level 5 in Ranged Weapons
  2557 | D:4      | Noticed Ijyb
  2558 | D:4      | Paralysed by Ijyb for 4 turns
  2565 | D:4      | Paralysed by Ijyb for 2 turns
  2568 | D:4      | Killed Ijyb
  2627 | D:4      | Reached XP level 7. HP: 16/55 MP: 7/7
  3122 | D:5      | Entered Level 5 of the Dungeon
  3131 | D:5      | Reached skill level 1 in Evocations
  3268 | D:5      | Found a staircase to the Ecumenical Temple.
  3280 | Temple   | Entered the Ecumenical Temple
  3319 | Temple   | Became a worshipper of Hepliaklqana the Forgotten
  3645 | D:5      | Reached skill level 5 in Fighting
  3863 | D:5      | Reached XP level 8. HP: 62/62 MP: 8/8
  3995 | D:6      | Noticed Edmund
  4009 | D:6      | Killed Edmund
  4142 | D:6      | Found a sacrificial altar of Ru.
  4404 | D:6      | Reached * piety under Hepliaklqana
  4457 | D:6      | Reached XP level 9. HP: 63/63 MP: 9/9
  4460 | D:6      | Found an iron altar of Okawaru.
  4487 | D:6      | Found a snail-covered altar of Cheibriados.
  4530 | D:6      | Reached skill level 1 in Invocations
  5269 | D:7      | Found a flagged portal.
  5276 | Bailey   | Entered a bailey
  5423 | Bailey   | Noticed an orc knight
  5438 | Bailey   | Killed an orc knight
  5439 | Bailey   | Reached skill level 5 in Dodging
  5439 | Bailey   | Reached skill level 5 in Evocations
  5676 | D:7      | Reached XP level 10. HP: 64/71 MP: 11/11
  5968 | D:7      | Found a burning altar of Makhleb.
  6326 | D:7      | Noticed a moth of wrath
  6340 | D:7      | Found a transporter.
  6344 | D:7      | Noticed Shen's ghost (novice TrSh)
  6359 | D:7      | Found a transporter.
  6609 | D:8      | Reached ** piety under Hepliaklqana
  6610 | D:8      | Remembered your ancestor Futruvan as a knight
  6642 | D:8      | Reached skill level 5 in Stealth
  6804 | D:8      | Found a broken altar of Ashenzari.
  6804 | D:8      | Found an ancient bone altar of Kikubaaqudgha.
  7062 | D:8      | Noticed a two-headed ogre
  7076 | D:8      | Killed a two-headed ogre
  7261 | D:9      | Identified the +10 short sword of the Wolf {flame, Str-2
                  | Int+5}
  7342 | D:9      | Noticed a two-headed ogre
  7349 | D:9      | Killed a two-headed ogre
  7401 | D:9      | Found a runed translucent door.
  7401 | D:9      | Noticed gimp's ghost (novice BaEE)
  7451 | D:9      | Found the necklace of Bloodlust {Fury *Rage Will++ Int-3
                  | Slay+6}
  7453 | D:9      | Noticed a kobold demonologist
  7455 | D:9      | Noticed a sun demon
  7455 | D:9      | Noticed a kobold demonologist
  7457 | D:9      | Noticed an orange demon
  7457 | D:9      | Noticed a smoke demon
  7458 | D:9      | Killed a kobold demonologist
  7463 | D:9      | Reached XP level 11. HP: 49/78 MP: 13/13
  7512 | D:9      | Found a shimmering altar of Xom.
  7597 | D:9      | Noticed a two-headed ogre
  7603 | D:9      | Killed a two-headed ogre
  7944 | D:10     | Entered Level 10 of the Dungeon
  8092 | D:10     | Reached *** piety under Hepliaklqana
  8291 | D:10     | Noticed Maggie
  8302 | D:10     | Killed Maggie
  8554 | D:10     | Found Qaathrad's Antique Weapon Emporium.
  8777 | D:11     | Noticed a white ugly thing
  8785 | D:11     | Killed a white ugly thing
  8882 | D:11     | Found a staircase to the Lair.
  8904 | D:11     | Reached skill level 10 in Fighting
  9078 | D:11     | Reached XP level 12. HP: 68/87 MP: 15/15
  9137 | D:11     | Noticed a death yak
  9141 | D:11     | Noticed a death yak
  9193 | Lair:1   | Entered Level 1 of the Lair of Beasts
  9333 | Lair:1   | Found a transporter.
  9369 | Lair:1   | Found a transporter.
  9424 | Lair:1   | Reached skill level 10 in Ranged Weapons
  9431 | Lair:1   | Noticed Jeremiah
  9449 | Lair:1   | Killed Jeremiah
  9692 | Lair:1   | Reached **** piety under Hepliaklqana
  9943 | Lair:2   | Slain by a komodo dragon

Illustrated notes

Levels and vault maps discovered:
D:1:      dpeg_arrival_rooms_a, layout_basic, serial_shops, shop,
          kennysheep_flooded_box, minmay_pentomino_p4
D:2:      layout_loops_corners, uniq_jessica
D:3:      layout_basic, minitemple, serial_shops, nicolae_shop_gibbet_a_chance,
          nicolae_shop_hallway_plus, serial_undead, serial_undead_f,
          serial_undead_d, serial_undead_f, serial_undead_c, uniq_pargi
D:4:      layout_gridville, nicolae_vehumet_radiance, uniq_ijyb
D:5:      layout_basic, minmay_temple_entry_large_hall
D:6:      layout_gridville, kennysheep_okawaru_gauntlet, hangedman_ru_absence,
          cheibriados_altar_1, minmay_misc_feat_four_crosses,
          serial_bayou_crossing, uniq_edmund
D:7:      layout_basic, makhleb_blood_cavern_becter,
          gammafunk_ghost_berserking_beasts, enter_bailey_2, chequers_garden
D:8:      layout_basic, gammafunk_temple_overflow_pools, kennysheep_another_room
D:9:      layout_roguey, xom_teletrap_fun, hellmonk_ghost_big_iron
D:10:     layout_irregular_city, serial_shops, shop, minmay_misc_feat_iff,
          uniq_maggie
D:11:     fort_yaktaur, layout_loops_corners, david_lair_generic, david_orc_2
Temple:   minmay_temple_forest_path
Lair:1:   layout_gridlike, gammafunk_ghost_hive, chequers_serial_rivers_marsh,
          uniq_jeremiah
Lair:2:   layout_concentric_octagons

Skill      XL: |  1  2  3  4  5  6  7  8  9 10 11 12 |
---------------+-------------------------------------+-----
Stealth        | 1 2 3 4 5 6 |  6.8
Dodging        | 2 3 4 5 6 7 |  7.1
Ranged Weapons | 4 5 6 7 8 9 10 | 10.2
Fighting       | 3 4 5 6 7 8 10 | 10.6
Evocations     | 2 3 5 6 8 |  8.6
Invocations    | 2 3 4 |  4.9

Action                     |  1- 3 |  4- 6 |  7- 9 | 10-12 || total
---------------------------+-------+-------+-------+-------++-------
   Fire: Sling             |   154 |   230 |   666 |   982 ||  2032
 Invoke: Recall Ancestor   |       |       |     1 |       ||     1
         Ancestor Life: Kn |       |       |       |     1 ||     1
  Evoke: Wand              |       |       |    12 |    17 ||    29
    Use: Scroll            |       |     7 |     8 |     1 ||    16
         Potion            |       |       |     3 |       ||     3
 Armour: Leather armour    |     9 |     4 |       |       ||    13
         Troll leather arm |       |    18 |   109 |   107 ||   234
  Dodge: Dodged            |     7 |    15 |   104 |   138 ||   264

Table legend: (Time is in decaauts)
 A = Elapsed time spent in this place.
 B = Non-inter-level travel time spent in this place.
 C = Inter-level travel time spent in this place.
 D = Time resting spent in this place.
 E = Time spent auto-exploring this place.
 F = Levels seen in this place.
 G = Mean time per level.
                   A        B        C        D        E       F      G
               +--------+--------+--------+--------+--------+-----+--------+
         Total |  10073 |   9436 |    637 |    678 |   6651 |  15 |  671.5 |
       Dungeon |   8889 |   8346 |    543 |    655 |   5913 |  11 |  808.1 |
        Temple |     78 |      1 |     77 |      0 |      0 |   1 |   78.0 |
          Lair |    743 |    727 |     16 |     23 |    555 |   2 |  371.5 |
        Bailey |    361 |    361 |      0 |      0 |    182 |   1 |  361.0 |
               +--------+--------+--------+--------+--------+-----+--------+

Top non-repeatable levels by time:
     D:7: 1070 daAuts
     D:2: 965 daAuts
     D:5: 951 daAuts
     D:6: 923 daAuts
     D:4: 911 daAuts
    D:10: 829 daAuts
     D:3: 750 daAuts
     D:1: 706 daAuts
  Lair:1: 696 daAuts
     D:9: 686 daAuts
     D:8: 681 daAuts
    D:11: 411 daAuts
  Bailey: 361 daAuts
  Temple: 78 daAuts
  Lair:2: 47 daAuts
